 Dungeon Crawl Stone Soup version 0.31-a0-102-g33a4ccc0cb (webtiles) character file.

Game seed: 1063281676937026443

224 Armakuni the Twirler (level 6, -5/44 HPs)
             Began as a Human Brigand on May 27, 2023.
             Slain by a gnoll
             ... wielding a +0 flail
              (11 damage)
             ... on level 3 of the Dungeon.
             The game lasted 00:08:48 (2545 turns).

Armakuni the Twirler (Human Brigand)                Turns: 2545, Time: 00:08:48

Health: -5/44      AC:  4    Str: 13    XL:     6   Next: 20%
Magic:  6/6        EV: 11    Int: 17    God:
Gold:   221        SH:  0    Dex: 15    Spells: 5/5 levels left

rFire   . . .        a - +2 dagger
rCold   . . .        (no shield)
rNeg    . . .        f - +0 robe
rPois   .            (no helmet)
rElec   .            u - +0 cloak
rCorr   .            m - +0 pair of gloves
SInv    .            (no boots)
Will    +....        (no amulet)
Stlth   +++          I - +6 ring of intelligence
HPRegen 0.27/turn    (no ring)
MPRegen 0.10/turn

%: no passive effects
@: enlightened, flying
A: no striking features
a: no special abilities


You were on level 3 of the Dungeon.
You visited 1 branch of the dungeon, and saw 3 of its levels.

You collected 221 gold pieces.

Inventory:

Hand Weapons
 a - a +2 dagger (weapon)
Missiles
 d - 6 poisoned darts (quivered)
 e - 3 curare-tipped darts
Armour
 f - a +0 robe (worn)
 g - a +0 ring mail
 m - a +0 pair of gloves (worn)
 u - a +0 cloak (worn)
Magical Staves
 b - a staff of fire
 s - a staff of poison
Jewellery
 q - a ring of magical power
 I - a +6 ring of intelligence (left hand)
Scrolls
 c - a scroll of brand weapon {unknown}
 h - 4 scrolls of immolation {unknown}
 j - 5 scrolls of identify {unknown}
 k - 2 scrolls of teleportation {unknown}
 n - a scroll of poison {unknown}
 p - a scroll of enchant weapon {unknown}
 r - 2 scrolls of magic mapping {unknown}
 t - a scroll of noise {unknown}
 v - a scroll of blinking {unknown}
Potions
 l - 4 potions of attraction {unknown}
 o - a potion of degeneration {unknown}
 w - a potion of haste {unknown}
 x - a potion of might {unknown}


   Skills:
 - Level 2.0 Fighting
 - Level 2.0 Short Blades
 - Level 5.0 Staves
 - Level 2.0 Throwing
 - Level 1.0 Dodging
 - Level 4.0 Stealth
 + Level 2.1 Evocations


You had 5 spell levels left.
You didn't know any spells.
Your spell library contained the following spells:

 Spells                   Type           Power      Damage    Failure   Level
 Shock                    Conj/Air       0%         1d3       24%         1
 Slow                     Hex            0%         N/A       24%         1
 Call Imp                 Summ           0%         N/A       34%         2
 Confusing Touch          Hex            0%         N/A       56%         3
 Summon Guardian Golem    Hex/Summ       0%         N/A       56%         3
 Swiftness                Air            0%         N/A       56%         3
 Vampiric Draining        Necr           0%         2d6       56%         3
 Airstrike                Air            0%         2d(0-16)  93%         4
 Malign Gateway           Summ/Tloc      0%         N/A       100%        7
 Summon Horrible Things   Summ           0%         N/A       100%        8


Dungeon Overview and Level Annotations

Branches:
Dungeon (3/15)

Altars:
Trog
Xom

Shops:
D:3 !:[


Message History

No target in view!
A gnoll comes into view. It is wielding a +0 whip.
A gnoll is nearby!
A gnoll is nearby!
Throw: 7 darts (poison)
Press: ? - help, Q - select action, (/) - cycle Shift-Dir - straight line, f - gnoll
Aim: a gnoll, wielding a +0 whip and wearing a ring of willpower (wandering, hasn't noticed you, 64% to hit)
You throw a poisoned dart.
The poisoned dart closely misses the gnoll.
The gnoll shouts!
You hear a shout!
The gnoll hits you with a +0 whip!
You hit the gnoll.
The gnoll is lightly wounded.
The gnoll barely misses you.
You hit the gnoll.
The gnoll is moderately wounded.
The gnoll misses you.
You barely miss the gnoll.
The gnoll is moderately wounded.
The gnoll hits you with a +0 whip!
You hit the gnoll.
The gnoll is heavily wounded.
The gnoll hits you but does no damage.
You hit the gnoll.
The gnoll is severely wounded.
The gnoll barely misses you.
You hit the gnoll.
The gnoll is almost dead.
A gnoll comes into view. It is wielding a +0 flail.
The gnoll hits you with a +0 flail! The gnoll hits you with a +0 whip.
You see here a poisoned dart.
You hit the gnoll.
You kill the gnoll!
The gnoll hits you with a +0 flail!
* * * LOW HITPOINT WARNING * * *
It was a potion of enlightenment.
You feel very buoyant.
You fly up into the air.
The gnoll hits you with a +0 flail!
You die...

#.## ..# ### ..# #.##
############..# ####
...####.........#...###
....
...)..................###.
....
..##############.####.....
.. ..# #.# ##.. . #.###
#.###... #...# #@.#..# #
##### ###.#### ##g#.#
#.##.... #....#### #.)(.#
#....... ####....# #...##
####.... ####.# #....
#.... #.# #..... #.... #.#
####........##.... #.#
#.......##.... #.#
#.......##....


You could see a gnoll.

Vanquished Creatures
  A scorpion (D:3)
  3 adders
  7 gnolls
  3 worms
  A dart slug (D:2)
  5 orcs
  6 endoplasms
  5 goblins
  3 hobgoblins
  3 jackals (D:3)
  3 kobolds
  A quokka (D:1)
  9 ball pythons
  3 bats
  4 frilled lizards
  4 rats
61 creatures vanquished.

Notes
Turn   | Place    | Note
-------+----------+-------------------------------------------
     0 | D:1      | Armakuni the Human Brigand began the quest for the Orb.
     0 | D:1      | Reached XP level 1. HP: 16/16 MP: 1/1
   117 | D:1      | Reached skill level 1 in Staves
   197 | D:1      | Reached XP level 2. HP: 22/22 MP: 2/2
   456 | D:1      | Reached skill level 2 in Staves
   805 | D:2      | Found a shimmering altar of Xom.
   841 | D:2      | Reached XP level 3. HP: 24/27 MP: 3/3
   956 | D:2      | Reached skill level 3 in Staves
  1073 | D:2      | Got the Enchiridion on the Swarm
  1142 | D:2      | Reached XP level 4. HP: 31/33 MP: 4/4
  1489 | D:3      | Found Vadaecsixoi's Antique Armour Shoppe.
  1546 | D:3      | Found Mevav's Armour Boutique.
  1690 | D:3      | Reached skill level 4 in Staves
  1705 | D:3      | Found Feeh's Distillery.
  1705 | D:3      | Found Epneir's Book Emporium.
  1720 | D:3      | Found a bloodstained altar of Trog.
  1742 | D:2      | Reached XP level 5. HP: 15/38 MP: 5/5
  2317 | D:3      | Reached skill level 5 in Staves
  2317 | D:3      | Reached skill level 1 in Evocations
  2317 | D:3      | Reached XP level 6. HP: 44/44 MP: 6/6
  2545 | D:3      | Slain by a gnoll

Illustrated notes

Levels and vault maps discovered:
D:1:      heliophobic_arrival_dark_side_of_the_moon, layout_basic
D:2:      minmay_recursive_quarters, layout_loops_ring, basic_altar
D:3:      layout_rooms, bloody_trog, serial_shops, shop, shop, shop, shop,
          nicolae_half_adder

Skill      XL: |  1  2  3  4  5  6 |
---------------+-------------------+-----
Staves         | 1 2 3 4 5 |  5.0
Evocations     | 1 2 |  2.1
Fighting       | |  2.0
Short Blades   | |  2.0
Throwing       | |  2.0
Dodging        | |  1.0
Stealth        | |  4.0

Action                     |  1- 3 |  4- 6 || total
---------------------------+-------+-------++-------
  Melee: Dagger            |    82 |    90 ||   172
         Punch             |     2 |     1 ||     3
  Throw: Dart              |    18 |    55 ||    73
    Use: Potion            |       |     1 ||     1
   Stab: Sleeping          |     3 |       ||     3
 Armour: Robe              |    21 |    27 ||    48
  Dodge: Dodged            |    47 |    68 ||   115

Table legend: (Time is in decaauts)
 A = Elapsed time spent in this place.
 B = Non-inter-level travel time spent in this place.
 C = Inter-level travel time spent in this place.
 D = Time resting spent in this place.
 E = Time spent auto-exploring this place.
 F = Levels seen in this place.
 G = Mean time per level.
                   A        B        C        D        E       F      G
               +--------+--------+--------+--------+--------+-----+--------+
         Total |   2522 |   2397 |    125 |    368 |   1268 |   3 |  840.7 |
       Dungeon |   2522 |   2397 |    125 |    368 |   1268 |   3 |  840.7 |
               +--------+--------+--------+--------+--------+-----+--------+

Top non-repeatable levels by time:
     D:2: 1164 daAuts
     D:3: 795 daAuts
     D:1: 562 daAuts
